[Event "8th Holuj-Radzikowska 2018"]
[Site "Wroclaw"]
[Date "2018.12.04"]
[Round "1"]
[White "Kulon, Klaudia"]
[Black "Skripchenko, Almira"]
[Result "1-0"]
[ECO "B34"]
[WhiteElo "2333"]
[BlackElo "2408"]
[Annotator "ChessBase"]
[PlyCount "111"]
[EventDate "2018.11.26"]
[EventType "schev"]
[EventCountry "POL"]
[SourceTitle "playchess.com"]
[Source "ChessBase"]
[SourceQuality "1"]
[WhiteTeam "Poland"]
[BlackTeam "World"]
[TimeControl "40/5400+30:1800+30"]

1. e4 c5 2. Nf3 Nc6 3. d4 cxd4 4. Nxd4 Nf6 5. Nc3 e5 6. Ndb5 d6 7. a4 a6 8. Na3 Bg4 9. Be2 Bxe2 10. Qxe2 d5 11. Bg5 dxe4 12. Nxe4 Be7 13. Bxf6 Bxf6 14. Rd1 Qe7 15. Nd6+ Kf8 16. c3 Nd4 17. cxd4 Qxd6 18. dxe5 Qxe5 19. Qxe5 Bxe5 20. O-O Bxb2 21. Nc4 Bf6 22. Rd7 b5 23. axb5 axb5 24. Nd6 Rb8 25. Re1 h6 26. Nxf7 Rh7 27. Nd6 b4 28. Re6 b3 29. Rb7 Ra8 30. g3 b2 31. Kg2 Bd4 32. Ree7 Bf6 33. Red7 Kg8 34. Ne4 Rf8 35. Nxf6+ Rxf6 36. Rxb2 h5 37. Rbb7 h4 38. g4 Rf8 39. h3 Kh8 40. f4 Rh6 41. f5 Rg8 42. Kf3 Ra6 43. g5 Ra4 44. Re7 Rc8 45. Re4 Ra3+ 46. Kg4 Rf8 47. g6 Rg3+ 48. Kxh4 Rf3 49. Rf7 Ra8 50. Kg4 Rf1 51. Rfe7 Rg1+ 52. Kh5 Rf8 53. f6 gxf6 54. Kh6 f5 55. Rh7+ Kg8 56. Ree7 1-0

[Event "8th Holuj-Radzikowska 2018"]
[Site "Wroclaw"]
[Date "2018.12.05"]
[Round "2"]
[White "Javakhishvili, Lela"]
[Black "Szczepkowska, Karina"]
[Result "0-1"]
[ECO "E10"]
[WhiteElo "2464"]
[BlackElo "2408"]
[Annotator "RC"]
[PlyCount "120"]
[EventDate "2018.11.26"]
[EventType "schev"]
[EventCountry "POL"]
[SourceTitle "playchess.com"]
[Source "ChessBase"]
[SourceQuality "1"]
[WhiteTeam "World"]
[BlackTeam "Poland"]
[TimeControl "40/5400+30:1800+30"]

1. d4 Nf6 2. c4 e6 3. Nf3 a6 4. Bg5 d5 5. e3 dxc4 6. Bxc4 b5 7. Bd3 Bb7 8. a4 b4 9. Nbd2 c5 10. e4 cxd4 11. e5 h6 12. Bh4 g5 13. Bg3 Nh5 14. O-O Be7 15. Be4 Ra7 16. Rc1 Ng7 17. Rc4 Bxe4 18. Nxe4 Nf5 19. Nd6+ Bxd6 20. exd6 O-O 21. Rxd4 Nxd4 22. Qxd4 Rb7 23. Rc1 Rb6 24. h4 gxh4 25. Bxh4 f6 26. Rc7 Nd7 27. Qg4+ Kh8 28. Qg6 Rxd6 29. Qxh6+ Kg8 30. Qg6+ Kh8 31. Qh5+ Kg8 32. Qg6+ Kh8 33. Qh6+ Kg8 34. Rc4 Kf7 35. Qh7+ Ke8 36. Rg4 Rd1+ 37. Kh2 Qc7+ 38. Bg3 Qc1 39. Qg6+ Kd8 40. Bf4 Qb1 41. Qg7 Rh1+ 42. Kg3 Rh7 43. Qg6 Qxg6 44. Rxg6 e5 45. Be3 Rhh8 46. Nd2 Rhg8 47. Rxg8 Rxg8+ 48. Kf3 f5 49. g3 Ke7 50. Nb3 Ke6 51. Ke2 Kd5 52. Kd3 Rc8 53. Kd2 Nf6 54. Bb6 Ne4+ 55. Kd3 Nd6 56. Nd2 e4+ 57. Ke3 Nc4+ 58. Nxc4 Rxc4 59. a5 b3 60. Bd8 Rc3+ 0-1

[Event "8th Holuj-Radzikowska 2018"]
[Site "Wroclaw"]
[Date "2018.12.05"]
[Round "2"]
[White "Warakomska, Anna"]
[Black "Paehtz, Elisabeth"]
[Result "0-1"]
[ECO "C55"]
[WhiteElo "2233"]
[BlackElo "2487"]
[Annotator "RC"]
[PlyCount "72"]
[EventDate "2018.11.26"]
[EventType "schev"]
[EventCountry "POL"]
[SourceTitle "playchess.com"]
[Source "ChessBase"]
[SourceQuality "1"]
[WhiteTeam "Poland"]
[BlackTeam "World"]
[TimeControl "40/5400+30:1800+30"]

1. e4 e5 2. Nf3 Nc6 3. Bc4 Nf6 4. d3 Be7 5. O-O O-O 6. Re1 d6 7. a4 Be6 8. Bxe6 fxe6 9. c3 Nd7 10. Be3 Qe8 11. Qb3 Nd8 12. Nbd2 Qg6 13. d4 Bf6 14. a5 a6 15. Qa4 Qf7 16. Rad1 Nc6 17. Nb3 exd4 18. cxd4 d5 19. e5 Bd8 20. Re2 Qh5 21. Nbd2 Rf7 22. Rc1 Na7 23. Nf1 Nb5 24. Ng3 Qg6 25. Ne1 c5 26. f4 cxd4 27. Bd2 Qg4 28. Nd3 Bh4 29. Nf2 Qg6 30. f5 Rxf5 31. Nxf5 Qxf5 32. g3 Qf3 33. Qd1 Bxg3 34. hxg3 Qxg3+ 35. Kf1 Rf8 36. Qe1 Qh2 0-1

[Event "8th Holuj-Radzikowska 2018"]
[Site "Wroclaw"]
[Date "2018.12.08"]
[Round "5"]
[White "Skripchenko, Almira"]
[Black "Szczepkowska, Karina"]
[Result "1/2-1/2"]
[ECO "B51"]
[WhiteElo "2408"]
[BlackElo "2408"]
[Annotator "NA"]
[PlyCount "42"]
[EventDate "2018.11.26"]
[EventType "schev"]
[EventCountry "POL"]
[SourceTitle "playchess.com"]
[Source "ChessBase"]
[SourceQuality "1"]
[WhiteTeam "World"]
[BlackTeam "Poland"]
[BlackTeamCountry "POL"]
[TimeControl "40/5400+30:1800+30"]

1. e4 c5 2. Nf3 d6 3. Bb5+ Nd7 4. d4 cxd4 5. Qxd4 a6 6. Bxd7+ Bxd7 7. c4 Nf6 8. Bg5 e6 9. Nc3 Be7 10. Rd1 Bc6 11. O-O O-O 12. Qd3 Qc7 13. a4 Rfd8 14. Rfe1 Rac8 15. Nd4 Be8 16. b3 Qc5 17. Be3 Qa5 18. Bd2 Qc5 19. Be3 Qa5 20. Bd2 Qc5 21. Be3 Qa5 1/2-1/2

[Event "8th Holuj-Radzikowska 2018"]
[Site "Wroclaw"]
[Date "2018.12.08"]
[Round "5"]
[White "Warakomska, Anna"]
[Black "Javakhishvili, Lela"]
[Result "0-1"]
[ECO "B28"]
[WhiteElo "2233"]
[BlackElo "2464"]
[Annotator "RC"]
[PlyCount "76"]
[EventDate "2018.11.26"]
[EventType "schev"]
[EventCountry "POL"]
[SourceTitle "playchess.com"]
[Source "ChessBase"]
[SourceQuality "1"]
[WhiteTeam "Poland"]
[BlackTeam "World"]
[WhiteTeamCountry "POL"]
[TimeControl "40/5400+30:1800+30"]

1. e4 c5 2. Nf3 a6 3. c4 b6 4. d4 cxd4 5. Nxd4 e6 6. Nc3 Bb7 7. Be2 d6 8. Be3 Nf6 9. f3 Be7 10. O-O O-O 11. Rc1 Nbd7 12. Qd2 Rc8 13. b4 Rc7 14. Na4 Qb8 15. Rc2 Rfc8 16. Rfc1 Ba8 17. Nb2 Ne5 18. Nb3 Nfd7 19. Bf1 Kh8 20. Qf2 g5 21. c5 dxc5 22. Bxa6 Rg8 23. bxc5 g4 24. cxb6 Rxc2 25. Qxc2 gxf3 26. g3 Ng4 27. Bd4+ e5 28. Qc7 exd4 29. b7 Bxb7 30. Bxb7 Bg5 31. Qxb8 Be3+ 32. Kh1 Rxb8 33. Rc7 Nf2+ 34. Kg1 Ne5 35. Kf1 Nfg4 36. Ba6 Nxh2+ 37. Ke1 f2+ 38. Kd1 d3 0-1